 Dungeon Sprint DCSS version 0.28.0 (webtiles) character file.

Game seed: 18315055591530232714

4977 boopmooplesden the Cleaver (level 10, -4/97 HPs)
             Began as a Minotaur Fighter on Feb 7, 2022.
             Was a High Priest of Okawaru.
             Slain by Agnes (33 damage)
             ... in the Dungeon (Sprint IV: "Fedhas' Mad Dash").
             The game lasted 00:07:47 (3229 turns).

boopmooplesden the Cleaver (Minotaur Fighter)       Turns: 3229, Time: 00:07:48

Health: -4/97      AC: 12    Str: 28    XL:     10   Next: 29%
Magic:  8/11       EV: 13    Int:  7    God:    Okawaru [*****.]
Gold:   124        SH:  7    Dex: 11    Spells: 9/9 levels left

rFire   . . .      SeeInvis .   a - +0 war axe
rCold   . . .      Faith    .   c - +0 buckler
rNeg    . . .      Spirit   .   b - +0 scale mail
rPois   +          Reflect  .   (helmet restricted)
rElec   .          Harm     .   (no cloak)
rCorr   .          Rampage  .   l - +0 pair of gloves
Will    .....      NoTele   +   (no boots)
Stlth   ++++......              d - amulet of invisibility {+Inv}
HPRegen 0.26/turn               j - ring of poison resistance
MPRegen 0.12/turn               m - +6 ring of strength

@: heroic, very slightly contaminated, invisible
A: horns 2, retaliatory headbutt
a: Renounce Religion, Evoke Invisibility, Heroism, Finesse


You were in the Dungeon.
You worshipped Okawaru.
Okawaru was extremely pleased with you.
You visited 1 branch You collected 208 gold pieces.
You spent 84 gold pieces at shops.

Inventory:

Hand Weapons
 a - a +0 war axe (weapon)
Armour
 b - a +0 scale mail (worn)
 c - a +0 buckler (worn)
 l - a +0 pair of gloves (worn)
Jewellery
 d - the amulet of invisibility (around neck) {+Inv}
   (You found it in the Dungeon)

   [amulet of nothing]

   +Inv:      It lets you turn invisible.
 j - a ring of poison resistance (left hand)
 m - a +6 ring of strength (right hand)
 n - a ring of protection from fire
 r - a +4 ring of protection
Wands
 i - a wand of iceblast (10)
Scrolls
 p - a scroll of identify {unknown}
 q - a scroll of brand weapon {unknown}
Potions
 e - 2 potions of curing
 g - a potion of haste
 h - 2 potions of magic
 o - a potion of might
Miscellaneous
 k - a lightning rod (4/4)


   Skills:
 + Level 11.8(16.8) Fighting
 + Level 14.8(19.8) Axes
 + Level 12.6(17.6) Armour
 + Level 3.4(8.4) Dodging
 + Level 9.3(14.3) Stealth
 + Level 8.9(13.9) Shields
 + Level 3.3 Invocations
 + Level 9.2 Evocations


You had 9 spell levels left.
You didn't know any spells.
Your spell library contained the following spells:

 Spells                   Type           Power      Damage    Failure   Level
 Ensorcelled Hibernation  Hex/Ice        0%         N/A       80%         2
 Passwall                 Tmut/Erth      0%         N/A       80%         2
 Swiftness                Air            0%         N/A       95%         3


Dungeon Overview and Level Annotations

Branches:
Dungeon (1/1)

Altars:
Cheibriados
Dithmenos
Elyvilon
Gozag
Hepliaklqana
Kikubaaqudgha
Makhleb
Nemelex Xobeh
Okawaru
Qazlal
Ru
Sif Muna
Trog
Uskayaw
Vehumet
Wu Jian
Xom
Yredelemnul
Zin
The Shining One
Beogh
Jiyva
Lugonu

Shops:
D ([([=!

Annotations:
D Agnes


Innate Abilities, Weirdness & Mutations

You have a pair of horns on your head.
You reflexively headbutt those who attack you in melee.


Message History

a +0 spear; a +0 rapier; a +0 robe
Things that are here:
a +0 dagger; a +0 robe; a +0 buckler
There is an open door, spattered with blood here.
There is an open door here.
You fade into invisibility!
You are very lightly contaminated with residual magic.
You open the door.
Agnes the Wanderer comes into view.
She is wielding a +0 lajatang.
Agnes shouts!
You gain the combat prowess of a mighty hero.
Agnes misses you. You furiously retaliate!
You headbutt Agnes.
There is an open door here.
You hit Agnes.
Agnes is lightly wounded.
Agnes hits you with a +0 lajatang!
You hit Agnes.
Agnes is lightly wounded.
Agnes hits you with a +0 lajatang!! Agnes hits you with a +0 lajatang!
You closely miss Agnes. You headbutt Agnes!
Agnes is moderately wounded.
You block Agnes's attack.
You miss Agnes. Your headbutt misses Agnes.
Agnes is moderately wounded.
Agnes hits you with a +0 lajatang!
You barely miss Agnes.
Agnes is moderately wounded.
Agnes hits you but does no damage. Agnes misses you.
You barely miss Agnes.
Agnes is moderately wounded.
Agnes hits you but does no damage.
You closely miss Agnes.
Agnes is moderately wounded.
You block Agnes's attack.
You slice Agnes!! You headbutt Agnes!!
Agnes is severely wounded.
Agnes hits you with a +0 lajatang!
* * * LOW HITPOINT WARNING * * *
Agnes hits you with a +0 lajatang!!
You die...

#.⌠._._._._.⌠.#..)...#....##∩##[#
'.._._._._._..'..#...#....'..##'#
#..._._._._...#..###'##...##∩#..#
#.._._[_._._..#.[##∩∩.'...#####..
#._._._._._.⌠.#################..
###################....(.###.....
#♣♣♣♣♣..♣(###.'.('.......'))...♣.
......♣..♣##..#..#.......########
♣..♣♣♣.♣).###.##@##......#
.♣♣..♣...♣'...#♣i♣######## #
#############... .♣..♣ .♣.... ..
♣.... ## #####


You could see Agnes.

Vanquished Creatures
  A spriggan druid (D)
  6 oklob plants (D)
  A demonic crawler (D)
  A queen bee (D)
  3 burning bushes (D)
  A hornet (D)
  3 scorpions (D)
  4 killer bees (D)
  5 oklob saplings (D)
  5 spriggans (D)
  2 wandering mushrooms (D)
  A river rat (D)
  A rat (D)
34 creatures vanquished.

Vanquished Creatures (others)
  A wandering mushroom (D)
  A ballistomycete spore (D)
  5 fungi (D)
7 creatures vanquished.

Grand Total: 41 creatures vanquished

Notes
Turn   | Place    | Note
-------+----------+-------------------------------------------
     0 | D        | boopmooplesden the Minotaur Fighter began the quest for the
                  | Orb.
     0 | D        | Reached XP level 1. HP: 19/19 MP: 0/0
    10 | D        | Reached skill level 3 in Axes
    10 | D        | Reached XP level 2. HP: 21/28 MP: 1/1
    21 | D        | Noticed a scorpion
    21 | D        | Found the amulet of invisibility {+Inv}
    22 | D        | Killed a scorpion
    23 | D        | Reached skill level 4 in Axes
    23 | D        | Reached skill level 5 in Shields
    23 | D        | Reached XP level 3. HP: 19/37 MP: 2/2
    23 | D        | Reached XP level 4. HP: 23/44 MP: 3/3
   221 | D        | Found an opulent altar of Gozag.
   221 | D        | Found a hazy altar of Hepliaklqana.
   221 | D        | Found a burning altar of Makhleb.
   221 | D        | Found a sparkling altar of Nemelex Xobeh.
   221 | D        | Found a snail-covered altar of Cheibriados.
   221 | D        | Found a sacrificial altar of Ru.
   221 | D        | Found a shimmering blue altar of Sif Muna.
   221 | D        | Found a shimmering altar of Xom.
   221 | D        | Found a basalt altar of Yredelemnul.
   222 | D        | Found a viscous altar of Jiyva.
   222 | D        | Found a bloodstained altar of Trog.
   222 | D        | Found an ornate altar of the Wu Jian Council.
   223 | D        | Found an iron altar of Okawaru.
   223 | D        | Found a glowing silver altar of Zin.
   223 | D        | Found a shadowy altar of Dithmenos.
   224 | D        | Found a hide-covered altar of Uskayaw.
   224 | D        | Found an ancient bone altar of Kikubaaqudgha.
   225 | D        | Found a stormy altar of Qazlal.
   225 | D        | Found a glowing golden altar of the Shining One.
   225 | D        | Found a white marble altar of Elyvilon.
   226 | D        | Found a radiant altar of Vehumet.
   226 | D        | Found a corrupted altar of Lugonu.
   232 | D        | Reached skill level 5 in Axes
   232 | D        | Reached skill level 1 in Evocations
   232 | D        | Reached XP level 5. HP: 5/53 MP: 2/4
   235 | D        | Became a worshipper of Warmaster Okawaru
   529 | D        | Identified the +0 helmet of Geuhing {rN+++ Str-3 Int-3
                  | Dex+4}
   724 | D        | Reached skill level 6 in Axes
   724 | D        | Reached skill level 1 in Stealth
   726 | D        | Reached XP level 6. HP: 62/62 MP: 2/5
   737 | D        | Found Wuehez's Armour Shop.
   737 | D        | Found Eral Keawk's Antique Weapon Emporium.
   783 | D        | Noticed a burning bush
   783 | D        | Noticed a wandering mushroom
  1054 | D        | Noticed a wandering mushroom
  1065 | D        | Reached * piety under Okawaru
  1066 | D        | Reached skill level 7 in Axes
  1635 | D        | Killed a burning bush
  1636 | D        | Reached skill level 8 in Axes
  1636 | D        | Reached skill level 10 in Armour
  1636 | D        | Reached skill level 1 in Dodging
  1636 | D        | Reached XP level 7. HP: 25/70 MP: 6/6
  1641 | D        | Found Fatimal's Antique Armour Emporium.
  1641 | D        | Found Neutt's Weapon Shoppe.
  1859 | D        | Bought a +0 pair of gloves for 58 gold pieces
  1859 | D        | Bought a +0 leather armour for 26 gold pieces
  1921 | D        | Noticed a queen bee
  1932 | D        | Reached skill level 9 in Axes
  1941 | D        | Killed a queen bee
  1941 | D        | Reached ** piety under Okawaru
  1942 | D        | Reached skill level 10 in Axes
  2251 | D        | Noticed a burning bush
  2260 | D        | Killed a burning bush
  2261 | D        | Reached skill level 10 in Fighting
  2261 | D        | Reached skill level 11 in Axes
  2261 | D        | Reached skill level 1 in Invocations
  2261 | D        | Reached XP level 8. HP: 58/79 MP: 5/7
  2292 | D        | Noticed an oklob plant
  2297 | D        | Killed an oklob plant
  2298 | D        | Reached skill level 5 in Stealth
  2298 | D        | Reached skill level 5 in Evocations
  2314 | D        | Noticed a burning bush
  2314 | D        | Noticed an oklob plant
  2315 | D        | Noticed a wandering mushroom
  2326 | D        | Killed a burning bush
  2326 | D        | Reached *** piety under Okawaru
  2327 | D        | Reached skill level 12 in Axes
  2347 | D        | Killed a wandering mushroom
  2348 | D        | Reached XP level 9. HP: 18/86 MP: 5/9
  2647 | D        | Killed an oklob plant
  2648 | D        | Reached skill level 13 in Axes
  2742 | D        | Noticed a spriggan druid
  2746 | D        | Killed a spriggan druid
  2746 | D        | Reached **** piety under Okawaru
  2775 | D        | Noticed an oklob plant conjurer
  2777 | D        | Killed an oklob plant conjurer
  2814 | D        | Noticed an oklob plant
  2814 | D        | Noticed an oklob plant summoner
  2820 | D        | Noticed an oklob plant shifter
  2831 | D        | Killed an oklob plant
  2832 | D        | Reached skill level 14 in Axes
  2833 | D        | Killed an oklob plant summoner
  2836 | D        | Killed an oklob plant shifter
  2836 | D        | Reached ***** piety under Okawaru
  2837 | D        | Reached XP level 10. HP: 82/96 MP: 6/11
  2894 | D        | Noticed a spriggan rider
  2895 | D        | Found Remiut's Jewellery Emporium.
  2929 | D        | Found Daso's Distillery.
  3219 | D        | Noticed Agnes
  3229 | D        | Slain by Agnes

Illustrated notes

Levels and vault maps discovered:
D:        dungeon_sprint_fedhas [sprint_temple]

Skill      XL: |  1  2  3  4  5  6  7  8  9 10 |
---------------+-------------------------------+-----
Fighting       | 4 6 7 8 9 10 11 | 11.8
Axes           | 3 4 5 6 8 11 12 14 | 14.8
Armour         | 4 6 8 9 10 11 12 | 12.6
Shields        | 4 5 7 8 |  8.9
Evocations     | 1 2 4 5 8 9 |  9.2
Stealth        | 1 2 4 6 8 9 |  9.3
Dodging        | 1 2 3 |  3.4
Invocations    | 1 3 |  3.3

Action                   |  1- 3 |  4- 6 |  7- 9 | 10-12 || total
-------------------------+-------+-------+-------+-------++-------
Melee: War axe           |     5 |    45 |    62 |    32 ||   144
       Headbutt          |     1 |    17 |    13 |     5 ||    36
Invok: Heroism           |       |       |     7 |     2 ||     9
 Abil: Evoke Invisibilit |       |     4 |     8 |     2 ||    14
Evoke: Lightning rod     |       |       |     2 |     2 ||     4
       Wand              |       |       |     1 |       ||     1
  Use: Scroll            |     2 |       |       |       ||     2
       Potion            |     1 |     1 |       |     2 ||     4
 Stab: Invisible         |       |     3 |    11 |       ||    14
       Sleeping          |       |       |     6 |     1 ||     7
Armor: Scale mail        |       |     9 |     2 |     9 ||    20
Dodge: Dodged            |     3 |    10 |    23 |    14 ||    50
Block: Buckler           |     1 |     3 |     9 |     9 ||    22
